 Dungeon Crawl Stone Soup version 0.30-a0-46-g5a63ccc183 (webtiles) character file.

Game seed: 2632153532560825511

42 LnG the Trooper (level 3, 0/33 HPs)
             Began as a Hill Orc Fighter on Sept 1, 2022.
             Killed by nerve-wracking pain
             ... invoked by Jessica
              (14 damage)
             ... on level 2 of the Dungeon.
             The game lasted 00:02:36 (1171 turns).

LnG the Trooper (Hill Orc Fighter)                  Turns: 1171, Time: 00:02:38

Health: 0/33       AC:  7    Str: 20    XL:     3   Next: 56%
Magic:  3/3        EV:  9    Int:  8    God:
Gold:   98         SH:  5    Dex: 10    Spells: 2/2 levels left

rFire   . . .      SeeInvis .    a - +0 war axe
rCold   . . .      Faith    .    c - +1 buckler
rNeg    . . .      Spirit   .    b - +0 scale mail
rPois   .          Reflect  .    (no helmet)
rElec   .          Harm     .    (no cloak)
rCorr   .          Rampage  .    (no gloves)
Will    .....                    (no boots)
Stlth   ..........               (no amulet)
HPRegen 0.11/turn                (no ring)
MPRegen 0.08/turn                (no ring)

@: mighty
A: no striking features
a: no special abilities


You were on level 2 of the Dungeon.
You visited 1 branch of the dungeon, and saw 2 of its levels.

You collected 98 gold pieces.

Inventory:

Hand Weapons
 a - a +0 war axe (weapon)
Armour
 b - a +0 scale mail (worn)
 c - a +1 buckler (worn)
Potions
 e - a potion of haste
 f - a potion of curing {unknown}
 g - 2 potions of mutation {unknown}
 h - a potion of lignification {unknown}


   Skills:
 + Level 4.2 Fighting
 + Level 3.5 Axes
 + Level 3.8 Armour
 + Level 0.2 Dodging
 + Level 3.4 Shields


You had 2 spell levels left.
You didn't know any spells.
Your spell library was empty.

Dungeon Overview and Level Annotations

Branches:
Dungeon (2/15)

Altars:

Annotations:
D:2 Jessica


Message History

Jessica shouts, "You're disturbing me!
I'll have to kill you!" You block Jessica's attack.
You block the adder's attack. The jackal bites you. Jessica misses you.
You hit the adder.
You kill the adder!
You hit the jackal.
You kill the jackal!
You closely miss Jessica. Jessica hits you but does no damage.
You block Jessica's attack. The kobold hits you but does no damage.
Your Fighting skill increases to level 4!
You hit Jessica.
Jessica is lightly wounded.
You barely miss the kobold. Jessica hits you with a +0 dagger.
The kobold hits you but does no damage. Jessica hits you but does no damage.
You barely miss Jessica.
Jessica is lightly wounded.
You hit the kobold. Jessica closely misses you.
The gnoll drinks a potion.
The gnoll seems to grow stronger.
You block the kobold's attack. Jessica hits you with a +0 dagger.
You barely miss the kobold.
The kobold is severely wounded.
You barely miss Jessica. Jessica closely misses you.
The gnoll hits you but does no damage. The kobold hits you with a +0 whip.
Jessica closely misses you. The kobold hits you but does no damage.
The gnoll hits you from afar with a +0 spear.
You feel very mighty all of a sudden. You block Jessica's attack.
The gnoll hits you from afar with a +0 spear.
The kobold hits you with a +0 whip.
You are too injured to fight recklessly!
You are too injured to fight recklessly!
You are too injured to fight recklessly!
You are too injured to fight recklessly!
You slash Jessica!
Jessica is almost dead.
You slash the kobold!
You kill the kobold!
Jessica points at you and mumbles some strange words.
Pain shoots through your body!
You die...

... #.# #.##.# .
#...<# ....#...## .
#......###
.....###...# .....
###.#
#.......##.#####...
... #....@@g...#
#.......#.##)......
..#.... g#.....
...... .. ....
....... ... ...
....... .... ..
...... ..... .
......


You could see 2 gnolls and Jessica (fast).

Vanquished Creatures
  An adder (D:2)
  8 bats (D:1)
  2 endoplasms (D:1)
  A giant cockroach (D:1)
  3 goblins (D:1)
  3 hobgoblins (D:1)
  2 jackals (D:2)
  3 ball pythons (D:1)
  A frilled lizard (D:1)
  4 kobolds
  5 rats (D:1)
33 creatures vanquished.

Notes
Turn   | Place    | Note
-------+----------+-------------------------------------------
     0 | D:1      | LnG the Hill Orc Fighter began the quest for the Orb.
     0 | D:1      | Reached XP level 1. HP: 19/19 MP: 1/1
   421 | D:1      | Reached XP level 2. HP: 27/27 MP: 2/2
   683 | D:1      | Found a faded altar of an unknown god.
   904 | D:1      | Reached XP level 3. HP: 33/33 MP: 3/3
  1160 | D:2      | Noticed Jessica
  1167 | D:2      | Reached skill level 4 in Fighting
  1171 | D:2      | Killed from afar by Jessica

Illustrated notes

Levels and vault maps discovered:
D:1:      minmay_arrival_four_houses, layout_loops_ring,
          nicolae_ecumenical_snake_handling, minmay_rat_gold_closets
D:2:      layout_rooms, chequers_serial_rivers_large_a, uniq_jessica

Skill      XL: |  1  2  3 |
---------------+----------+-----
Axes           | 3 |  3.5
Fighting       | 4 |  4.2
Armour         | |  3.8
Dodging        | |  0.2
Shields        | |  3.4

Action                   || total
-------------------------++-------
Melee: War axe           ||    86
  Use: Scroll            ||     4
       Potion            ||     1
Armor: Scale mail        ||    45
Dodge: Dodged            ||    50
Block: Buckler           ||    44

Table legend: (Time is in decaauts)
 A = Elapsed time spent in this place.
 B = Non-inter-level travel time spent in this place.
 C = Inter-level travel time spent in this place.
 D = Time resting spent in this place.
 E = Time spent auto-exploring this place.
 F = Levels seen in this place.
 G = Mean time per level.
                   A        B        C        D        E       F      G
               +--------+--------+--------+--------+--------+-----+--------+
         Total |   1204 |   1193 |     11 |    254 |    695 |   2 |  602.0 |
       Dungeon |   1204 |   1193 |     11 |    254 |    695 |   2 |  602.0 |
               +--------+--------+--------+--------+--------+-----+--------+

Top non-repeatable levels by time:
     D:1: 1180 daAuts
     D:2: 23 daAuts
